cohdb
Replays
Latest Replays
All Replays
Popular Replays
Top Player Replays
Match Explorer
How It Works
Community
CoH3 Stats
Reddit
Sign in to upload your games and track your stats! →
Sign in with Steam
Match 47134102
Unlisted
Match 47134102
Overview
Messages
Build Orders
End
Selects Special Operations Battlegroup
Engineer Squad
Construct Weapon Support Center
M1919 Machine Gun Team
Improved M9 Bazooka Rockets
M1919 Machine Gun Team
M1919 Machine Gun Team
Selects Raiding Flares
Construct Medical Station
Infantry Support Center
Engineer Squad
Construct Motor Pool
Raiding Flares
Selects SSF Commando Squad
SSF Commando Squad
Selects M29 Weasel with M1 Pack Howitzer
Survival Training
M29 Weasel with M1 Pack Howitzer
Raiding Flares
SSF Commando Squad
Raiding Flares
Selects Mark Vehicle
SSF Commando Squad
Raiding Flares
M29 Weasel with M1 Pack Howitzer
Selects M4A1 Sherman Whizbang
M4A1 Sherman Whizbang
Raiding Flares
M4A1 Sherman Whizbang
Raiding Flares
M4A1 Sherman Whizbang
Raiding Flares
Selects Air Re-supply Operation
M4A1 Sherman Whizbang
Raiding Flares
Engineer Squad
TTV/Sleepysheep22
Serial Chiller
mfdoom
Warlock
lePRoso ! mZa
(LATAM) Tacho
city
insane_28
0
0
Comments
sign in to comment!
No comments posted yet!